 Dungeon Sprint DCSS version 0.29-a0-459-g97dee8cd24 (webtiles) character file.

Game seed: 13932971727059365485

34682 mhtbhm the Ninja (level 14, -2/104 HPs)
             Began as a Kobold Berserker on May 20, 2022.
             Was the Champion of Trog.
             Slain by an Executioner (5 damage)
             ... led by Jaucasyb
             ... in the Dungeon (Sprint IV: "Fedhas' Mad Dash").
             The game lasted 00:11:14 (4475 turns).

mhtbhm the Ninja (Kobold Berserker)                 Turns: 4475, Time: 00:11:14

Health: -2/104     AC: 12    Str: 19    XL:     14   Next: 14%
Magic:  14/14      EV: 26    Int:  8    God:    Trog [******]
Gold:   81         SH:  0    Dex: 15    Spells: 13/13 levels left

rFire   + + .      SeeInvis .   (weapon currently unavailable)
rCold   + + .      Faith    .   (shield currently unavailable)
rNeg    + + +      Spirit   .   (body armour currently unavailable)
rPois   ∞          Reflect  .   (helmet currently unavailable)
rElec   +          Harm     .   (cloak currently unavailable)
rCorr   +          Rampage  .   (gloves currently unavailable)
Will    +++..      NoTele   +   (boots currently unavailable)
Stlth   ++++......              (amulet currently unavailable)
HPRegen 1.27/turn               (ring currently unavailable)
MPRegen 0.14/turn               (ring currently unavailable)

@: wisp-form, strong-willed, on berserk cooldown, flying, regenerating, hasted
and slowed
A: insubstantial, flying, no casting, tiny, no large weapons, nightstalker 3
0: Orb of Zot
a: Renounce Religion, Berserk, Trog's Hand, Brothers in Arms


You were in the Dungeon.
You worshipped Trog.
Trog was exalted by your worship.
You were an insubstantial wisp.
You visited 1 branch You collected 471 gold pieces.
You spent 390 gold pieces at shops.

Inventory:

Hand Weapons
 a - a +4 vorpal quick blade (melded)
Armour
 b - the +2 faerie dragon scales (melded) {rCorr Dex+2}
   (You took it off the Enchantress in the Dungeon)

   Dex:       It affects your dexterity (+2).
   rCorr:     It protects you from acid and corrosion.
 q - a +2 cloak (melded)
 r - a +2 pair of boots (melded)
Jewellery
 i - the amulet of invisibility {+Inv}
   (You found it in the Dungeon)

   [amulet of nothing]

   +Inv:      It lets you turn invisible.
 o - the ring "Qeyxu" (melded) {rPois rF+ rC+ MP+9 Int-5}
   (You found it in the Dungeon)

   [ring of protection from fire]

   Int:       It affects your intelligence (-5).
   rF:        It protects you from fire.
   rC:        It protects you from cold.
   rPois:     It protects you from poison.
   MP:        It affects your magic capacity (+9).
 t - an amulet of faith
 u - the amulet "Fevucalu" (melded) {Faith Int+2 SInv}
   (You found it in the Dungeon)

   [amulet of faith]

   It allows you to gain divine favour quickly.
   Int:       It affects your intelligence (+2).
   SInv:      It lets you see invisible.
Potions
 f - 2 potions of magic
 g - 2 potions of berserk rage
 l - a potion of ambrosia {unknown}
 m - a potion of flight {unknown}
 n - 2 potions of mutation {unknown}
 p - a potion of attraction {unknown}


   Skills:
 + Level 18.4 Fighting
 + Level 21.5 Short Blades
 + Level 4.9 Armour
 + Level 10.7 Dodging
 O Level 27 Stealth
 + Level 20.6 Evocations


You had 13 spell levels left.
You didn't know any spells.
Your spell library was empty.

Dungeon Overview and Level Annotations

Branches:
Dungeon (1/1)

Altars:
Cheibriados
Dithmenos
Elyvilon
Gozag
Hepliaklqana
Kikubaaqudgha
Makhleb
Nemelex Xobeh
Okawaru
Qazlal
Ru
Sif Muna
Trog
Uskayaw
Vehumet
Wu Jian
Xom
Yredelemnul
Zin
The Shining One
Beogh
Jiyva
Lugonu

Shops:
D ?([!(([?[([:[[=?=(!*!


Innate Abilities, Weirdness & Mutations

You are an insubstantial wisp.
Your tiny insubstantial body is highly resistant to most damage types.
You are flying.
Your equipment is entirely melded.
You are incapable of wielding weapons or throwing items.
You cannot cast spells.
You are small and have problems with some larger weapons.
You are completely attuned to the shadows.


Message History

Jaucasyb gestures at your iron troll.
Your iron troll evaporates and reforms as a quicksilver dragon!
You feel much better. The Executioner misses you.
The Executioner hits you but does no damage.
The Executioner barely misses you. The Executioner hits you.
The Executioner barely misses you. The Executioner closely misses you.
Your stone giant hits the rust devil!!!
The rust devil dies!
Trog accepts your kill.
Your quicksilver dragon breathes dispelling energy at Jaucasyb.
The bolt of dispelling energy hits Jaucasyb!
The Executioner barely misses you.
The Executioner completely misses you. x2
Jaucasyb trunk-slaps your quicksilver dragon!
Your Fighting skill increases to level 18!
Your Dodging skill increases to level 10!
Unknown command.
Unknown command.
Press: ? - help, v - describe, . - travel
Here: Jaucasyb (almost dead, not watching you, ally target)
The floor.
Unknown command.
You touch the Executioner but do no damage.
The Executioner hits you!!
* * * LOW HITPOINT WARNING * * *
The Executioner hits you!
* * * LOW HITPOINT WARNING * * *
The Executioner hits you but does no damage.
Your quicksilver dragon bites Jaucasyb!
Jaucasyb dies!
Trog accepts your kill. Trog grants you a weapon!
Something appears at your feet!
You see here a +4 rapier.
Your stone giant hits the Executioner!!!
The Executioner hits you!
* * * LOW HITPOINT WARNING * * *
The Executioner hits you but does no damage. x2
Unknown command.
Unknown command.
The Executioner hits you.
You die...

###.).♣......♣...♣###
.......♣.)...∩.∩.)))#
##################### #
####### #######
###..P∩∩###.....###
........##...P.)'.#
###P....'......)###
##################
###∩∩∩#.......C1v..#########
...∩.∩)....)...D...'.......#
###∩∩∩#............#######)#
##########################.#
♣.)♣..♣..♣..♣..♣..♣..♣..♣..#
.)).....................[..#
♣.)♣..♣..♣..♣..♣..♣.)♣..♣..#
############################
..#####....######......####


You could see an Executioner (fast, ally target), a friendly quicksilver dragon
(summoned) and a friendly stone giant (summoned, berserk, corroded).

Vanquished Creatures
  the Enchantress (D)
  Agnes (D)
  A cacodemon (D)
  2 ghost moths (D)
  6 spriggan defenders (D)
  5 spriggan berserkers (D)
  4 spriggan druids (D)
  25 oklob plants (D)
  3 moths of wrath (D)
  4 demonic crawlers (D)
  3 wandering mushrooms (D)
  3 burning bushes (D)
  10 hornets (D)
  2 queen bees (D)
  4 scorpions (D)
  4 killer bees (D)
  5 oklob saplings (D)
  11 spriggans (D)
  A river rat (D)
  A rat (D)
96 creatures vanquished.

Vanquished Creatures (collateral kills)
  A pandemonium lord (D)
  A rust devil (D)
2 creatures vanquished.

Vanquished Creatures (others)
  2 ballistomycete spores (D)
  A fungus (D)
3 creatures vanquished.

Grand Total: 101 creatures vanquished

Notes
Turn   | Place    | Note
-------+----------+-------------------------------------------
     0 | D        | mhtbhm the Kobold Berserker began the quest for the Orb.
     0 | D        | Reached XP level 1. HP: 14/14 MP: 1/1
    11 | D        | Reached skill level 5 in Short Blades
    11 | D        | Reached XP level 2. HP: 20/20 MP: 2/2
   144 | D        | Noticed an oklob sapling
   145 | D        | Killed an oklob sapling
   146 | D        | Reached skill level 5 in Fighting
   146 | D        | Reached XP level 3. HP: 26/26 MP: 3/3
   274 | D        | Noticed a scorpion
   274 | D        | Found the amulet of invisibility {+Inv}
   279 | D        | Killed a scorpion
   279 | D        | Reached ** piety under Trog
   280 | D        | Reached skill level 2 in Stealth
   280 | D        | Reached XP level 4. HP: 32/32 MP: 4/4
   302 | D        | Found an opulent altar of Gozag.
   302 | D        | Found a sacrificial altar of Ru.
   303 | D        | Found a burning altar of Makhleb.
   303 | D        | Found an ornate altar of the Wu Jian Council.
   303 | D        | Found a shimmering altar of Xom.
   304 | D        | Found a hazy altar of Hepliaklqana.
   304 | D        | Found a shimmering blue altar of Sif Muna.
   305 | D        | Found a sparkling altar of Nemelex Xobeh.
   305 | D        | Found a snail-covered altar of Cheibriados.
   305 | D        | Found a basalt altar of Yredelemnul.
   306 | D        | Found a viscous altar of Jiyva.
   306 | D        | Found a bloodstained altar of Trog.
   306 | D        | Noticed an oklob sapling priest
   307 | D        | Found an iron altar of Okawaru.
   307 | D        | Found a shadowy altar of Dithmenos.
   307 | D        | Found a glowing silver altar of Zin.
   308 | D        | Found an ancient bone altar of Kikubaaqudgha.
   308 | D        | Found a hide-covered altar of Uskayaw.
   309 | D        | Found a stormy altar of Qazlal.
   309 | D        | Found a white marble altar of Elyvilon.
   309 | D        | Found a glowing golden altar of the Shining One.
   315 | D        | Killed an oklob sapling priest
   316 | D        | Reached skill level 3 in Stealth
   316 | D        | Reached XP level 5. HP: 38/38 MP: 3/5
   316 | D        | Found a corrupted altar of Lugonu.
   316 | D        | Found a radiant altar of Vehumet.
   347 | D        | Reached skill level 4 in Stealth
   347 | D        | Reached skill level 1 in Evocations
   461 | D        | Reached *** piety under Trog
   462 | D        | Reached skill level 10 in Short Blades
   462 | D        | Reached XP level 6. HP: 44/44 MP: 3/6
   501 | D        | Noticed a queen bee
   507 | D        | Reached skill level 5 in Stealth
   516 | D        | Reached skill level 5 in Dodging
   516 | D        | Reached skill level 6 in Stealth
   520 | D        | Killed a queen bee
   520 | D        | Reached **** piety under Trog
   521 | D        | Reached skill level 8 in Stealth
   521 | D        | Reached skill level 5 in Evocations
   521 | D        | Reached XP level 7. HP: 51/51 MP: 5/7
   562 | D        | Noticed an oklob plant
   565 | D        | Killed an oklob plant
   566 | D        | Reached skill level 10 in Fighting
   566 | D        | Reached skill level 10 in Stealth
   566 | D        | Reached XP level 8. HP: 57/57 MP: 5/8
   574 | D        | Noticed a burning bush
   586 | D        | Killed a burning bush
   587 | D        | Reached skill level 11 in Stealth
   636 | D        | Noticed a burning bush
   646 | D        | Killed a burning bush
   647 | D        | Reached skill level 12 in Stealth
   647 | D        | Reached XP level 9. HP: 63/63 MP: 6/9
   678 | D        | Noticed an oklob plant
   680 | D        | Noticed a wandering mushroom
   680 | D        | Found the +9 staff of Olgreb {rPois∞}
   682 | D        | Killed an oklob plant
   683 | D        | Reached skill level 13 in Stealth
   685 | D        | Killed a wandering mushroom
   685 | D        | Reached ***** piety under Trog
   686 | D        | Reached skill level 14 in Stealth
   686 | D        | Reached skill level 10 in Evocations
   815 | D        | Found Gicoinih's Jewellery Shop.
   815 | D        | Found Hotem's Antique Armour Emporium.
   890 | D        | Noticed a burning bush
   890 | D        | Noticed a wandering mushroom
   891 | D        | Noticed a wandering mushroom
   893 | D        | Killed a wandering mushroom
   894 | D        | Reached skill level 15 in Stealth
   895 | D        | Received a gift from Trog
   897 | D        | Killed a wandering mushroom
   922 | D        | Killed a burning bush
   923 | D        | Reached skill level 16 in Stealth
   923 | D        | Reached XP level 10. HP: 20/69 MP: 10/10
   951 | D        | Found Henn's Distillery.
   951 | D        | Found Iwalop's Weapon Shoppe.
  1191 | D        | Noticed a spriggan druid
  1192 | D        | Killed a spriggan druid
  1193 | D        | Reached skill level 17 in Stealth
  1206 | D        | Noticed an oklob plant conjurer
  1221 | D        | Killed an oklob plant conjurer
  1222 | D        | Reached skill level 15 in Short Blades
  1358 | D        | Noticed an oklob plant
  1359 | D        | Noticed an oklob plant summoner
  1361 | D        | Noticed an oklob plant shifter
  1362 | D        | Killed an oklob plant
  1362 | D        | Received a gift from Trog
  1363 | D        | Reached skill level 18 in Stealth
  1364 | D        | Killed an oklob plant summoner
  1367 | D        | Killed an oklob plant shifter
  1403 | D        | Noticed a demonic crawler
  1405 | D        | Killed a demonic crawler
  1406 | D        | Reached skill level 19 in Stealth
  1410 | D        | Noticed a spriggan rider
  1411 | D        | Received a gift from Trog
  1412 | D        | Found Ase Tafy's Distillery.
  1412 | D        | Found Qyecwoy's General Store.
  1416 | D        | Killed a spriggan rider
  1417 | D        | Reached skill level 20 in Stealth
  1417 | D        | Reached XP level 11. HP: 76/76 MP: 11/11
  1434 | D        | Identified the ring "Qeyxu" {rPois rF+ rC+ MP+9 Int-5}
  1469 | D        | Noticed a spriggan berserker
  1469 | D        | Noticed Agnes
  1470 | D        | Found Luebammo's Magic Scroll Emporium.
  1473 | D        | Killed Agnes
  1474 | D        | Reached skill level 21 in Stealth
  1478 | D        | Killed a spriggan berserker
  1484 | D        | Found Xeler's Jewellery Shoppe.
  1487 | D        | Noticed a spriggan defender
  1488 | D        | Found the +12 glaive of Prune {vorpal}
  1491 | D        | Killed a spriggan defender
  1491 | D        | Reached ****** piety under Trog
  1491 | D        | Received a gift from Trog
  1492 | D        | Reached skill level 22 in Stealth
  1514 | D        | Noticed a spriggan rider
  1781 | D        | Noticed an oklob plant meteorologist
  1785 | D        | Killed an oklob plant meteorologist
  1789 | D        | Noticed an oklob plant shifter
  1793 | D        | Killed an oklob plant shifter
  1793 | D        | Received a gift from Trog
  1794 | D        | Reached skill level 23 in Stealth
  1794 | D        | Reached skill level 15 in Evocations
  1822 | D        | Noticed a spriggan rider
  1828 | D        | Killed a spriggan rider
  1829 | D        | Reached skill level 24 in Stealth
  1829 | D        | Received a gift from Trog
  1880 | D        | Found Sougerphiudo's Weapon Shoppe.
  1880 | D        | Found Inor's Weapon Boutique.
  1880 | D        | Found Megi Jia's Distillery.
  1882 | D        | Found Detziunt's Magic Scroll Emporium.
  1882 | D        | Found Zeilucuf's Antique Armour Shoppe.
  1884 | D        | Found Qulagics's Antique Weapon Emporium.
  1884 | D        | Found Odumos's Armour Shop.
  1884 | D        | Found Lypror's Armour Boutique.
  1894 | D        | Bought a runed cloak for 195 gold pieces
  1899 | D        | Bought a pair of runed boots for 195 gold pieces
  1921 | D        | Noticed an oklob plant summoner
  1922 | D        | Found Tixziorr's Book Emporium.
  1923 | D        | Found Zumyne's Armour Shop.
  1925 | D        | Killed an oklob plant summoner
  1926 | D        | Reached XP level 12. HP: 82/82 MP: 12/12
  1935 | D        | Noticed a spriggan berserker
  1940 | D        | Killed a spriggan berserker
  1941 | D        | Reached skill level 25 in Stealth
  1947 | D        | Identified the +4 short sword of the Spinneret {flame,
                  | Dex+4}
  1954 | D        | Identified the amulet "Fevucalu" {Faith Int+2 SInv}
  2006 | D        | Received a gift from Trog
  2011 | D        | Reached skill level 26 in Stealth
  2021 | D        | Received a gift from Trog
  2026 | D        | Reached skill level 27 in Stealth
  2092 | D        | Noticed a ghost moth
  2093 | D        | Found Gaiqeps's Armour Emporium.
  2093 | D        | Found Jaimm's Antique Weapon Boutique.
  2093 | D        | Found Piffuum's Magic Scroll Shoppe.
  2096 | D        | Killed a ghost moth
  2099 | D        | Identified the +10 dagger of Pivi {vorpal, Contam Will+
                  | Stlth+} (Trog gifted it to you in the Dungeon)
  2099 | D        | Received a gift from Trog
  2176 | D        | Noticed a spriggan defender
  2176 | D        | Noticed a spriggan defender
  2205 | D        | Killed a spriggan defender
  2206 | D        | Reached XP level 13. HP: 51/90 MP: 13/13
  2718 | D        | Killed a spriggan defender
  2805 | D        | Received a gift from Trog
  3145 | D        | Reached skill level 15 in Fighting
  3477 | D        | Received a gift from Trog
  3579 | D        | Noticed a spriggan defender
  3583 | D        | Killed a spriggan defender
  3590 | D        | Noticed the Enchantress
  3602 | D        | Killed the Enchantress
  3611 | D        | Received a gift from Trog
  4063 | D        | Received a gift from Trog
  4188 | D        | Noticed a ghost moth
  4194 | D        | Killed a ghost moth
  4194 | D        | Received a gift from Trog
  4260 | D        | Noticed a spriggan defender
  4261 | D        | Noticed a spriggan defender
  4264 | D        | Killed a spriggan defender
  4266 | D        | Killed a spriggan defender
  4338 | D        | Got the Orb of Zot
  4437 | D        | Noticed a cacodemon
  4459 | D        | Killed a cacodemon
  4460 | D        | Reached XP level 14. HP: 98/103 MP: 14/14
  4462 | D        | Noticed Jaucasyb the pandemonium lord
  4464 | D        | Noticed an Executioner
  4474 | D        | Reached skill level 10 in Dodging
  4474 | D        | Killed Jaucasyb the pandemonium lord
  4474 | D        | Received a gift from Trog
  4474 | D        | HP: 1/104 [Executioner[Jaucasyb] (10)]
  4475 | D        | Slain by an Executioner

Illustrated notes

Levels and vault maps discovered:
D:        dungeon_sprint_fedhas [sprint_temple]

Skill      XL: |  1  2  3  4  5  6  7  8  9 10 11 12 13 14 |
---------------+-------------------------------------------+-----
Fighting       | 4 5 6 7 8 9 10 11 12 14 17 18 | 18.4
Short Blades   | 5 6 8 9 10 12 13 14 15 16 17 21 | 21.5
Armour         | 2 3 4 |  4.9
Dodging        | 3 4 5 6 7 8 9 10 | 10.7
Stealth        | 2 3 4 8 10 12 16 20 24 27 | 27.0
Evocations     | 2 5 7 8 11 13 15 18 20 | 20.6

Action                   |  1- 3 |  4- 6 |  7- 9 | 10-12 | 13-15 || total
-------------------------+-------+-------+-------+-------+-------++-------
Melee: Short sword       |     7 |    23 |    60 |       |       ||    90
       Punch             |       |     1 |       |     2 |       ||     3
       Quick blade       |       |       |       |    81 |   217 ||   298
       Unarmed           |       |       |       |       |     1 ||     1
Invok: Berserk           |     2 |     1 |     4 |     3 |     7 ||    17
       Brothers in Arms  |       |       |       |     2 |     2 ||     4
       Trog's Hand       |       |       |       |       |     1 ||     1
 Abil: Evoke Invisibilit |       |     4 |     4 |     5 |       ||    13
  Use: Scroll            |       |       |       |     1 |     2 ||     3
       Potion            |       |       |       |       |     4 ||     4
 Stab: Sleeping          |     2 |     3 |     6 |    37 |     9 ||    57
       Invisible         |       |     4 |     2 |     2 |       ||     8
       Distracted        |       |       |       |       |     1 ||     1
Armor: Animal skin       |       |     1 |       |       |     3 ||     4
       Acid dragon scale |       |       |       |       |     7 ||     7
       Robe              |       |       |       |       |     2 ||     2
       Skin              |       |       |       |       |    18 ||    18
Dodge: Dodged            |     3 |    12 |     6 |     4 |    78 ||   103

Table legend: (Time is in decaauts)
 A = Elapsed time spent in this place.
 B = Non-inter-level travel time spent in this place.
 C = Inter-level travel time spent in this place.
 D = Time resting spent in this place.
 E = Time spent auto-exploring this place.
 F = Levels seen in this place.
 G = Mean time per level.
                   A        B        C        D        E       F      G
               +--------+--------+--------+--------+--------+-----+--------+
         Total |   4371 |   4307 |     64 |   2791 |     59 |   1 | 4371.0 |
       Dungeon |   4371 |   4307 |     64 |   2791 |     59 |   1 | 4371.0 |
               +--------+--------+--------+--------+--------+-----+--------+

Top non-repeatable levels by time:
       D: 4371 daAuts
